 Dungeon Crawl Stone Soup version 0.19.1-1-g22dce08 (webtiles) character file.

130 RedPan the Slasher (level 4, 0/33 HPs)
             Began as a Demonspawn Gladiator on Dec 31, 2016.
             Slain by an adder (4 damage)
             ... on level 2 of the Dungeon.
             The game lasted 00:04:25 (2980 turns).

RedPan the Slasher (Demonspawn Gladiator)           Turns: 2980, Time: 00:04:26

Health: 0/33       AC:  6    Str: 16    XL:     4   Next: 90%
Magic:  4/4        EV: 13    Int: 10    God:
Gold:   185        SH:  0    Dex: 13    Spells: 0 memorised, 3 levels left

rFire  + . .     SeeInvis .     a - +0 long sword
rCold  . . .     Gourm    .     q - +1 robe {MR+}
rNeg   . . .     Faith    .     (no shield)
rPois  .         Spirit   .     t - +1 helmet
rElec  .         Reflect  .     (no cloak)
rCorr  .         Harm     .     (no gloves)
MR     +....                    (no boots)
Stlth  +.........               (no amulet)
                                (no ring)
                                (no ring)

@: no status effects
A: rugged brown scales 1, fire resistance 1
a: no special abilities


You were on level 2 of the Dungeon.
You were hungry.

You visited 1 branch of the dungeon, and saw 3 of its levels.

You collected 185 gold pieces.

Inventory:

Hand Weapons
 a - a +0 long sword (weapon)
Missiles
 d - 3 throwing nets (quivered)
Armour
 q - a +1 robe of magic resistance (worn)
 t - a +1 helmet (worn)
Wands
 p - a wand of digging (11/24)
Scrolls
 k - a scroll of teleportation
Potions
 b - a potion of brilliance
 e - a potion of heal wounds
 h - a potion of curing
 n - a potion of cancellation {unknown}
 s - a potion of degeneration {unknown}
Books
 i - a book of Cantrips

   Spells                             Type                      Level
   a - Confusing Touch                Hexes                        1
   b - Animate Skeleton               Necromancy                   1
   c - Summon Small Mammal            Summoning                    1
   d - Apportation                    Translocation                1
Comestibles
 c - a beef jerky
 f - a bread ration
 o - a royal jelly
 u - 3 fruits


   Skills:
 - Level 2.0 Fighting
 + Level 5.1 Long Blades
 - Level 1.7 Throwing
 - Level 2.6 Dodging


You had 3 spell levels left.
You didn't know any spells.

Dungeon Overview and Level Annotations

Branches:
Dungeon (3/15)

Altars:
Cheibriados
Trog

Annotations:
D:3 deszczowiec's ghost, amateur NaVM


Innate Abilities, Weirdness & Mutations

You are partially covered in rugged brown scales. (AC +1, +3% HP)
Your flesh is heat resistant. (rF+)


Message History

The adder misses you.
You closely miss the adder. The adder misses you.
You closely miss the adder. The adder misses you.
You hit the adder.
The adder is severely wounded.
The adder bites you but does no damage. The adder misses you.
You closely miss the adder.
The adder is severely wounded.
The adder bites you.
* * * LOW HITPOINT WARNING * * *
You miss the adder.
The adder is severely wounded.
The adder bites you but does no damage. The adder misses you.
You closely miss the adder.
The adder is severely wounded.
The adder bites you but does no damage.
You miss the adder.
The adder is severely wounded.
The adder bites you.
You die...

#.......# #[#.# #. #.......#
#)#.# ##### #. #.......# #.#.#
#...# #.
#.......####.#.####...######.
#.......##...................
#.......##.#.#.####...#######
#.......##.#.#.####...#######
#.......##.#S#.......÷.......
#.......##.#@######...#######
#.........>..................
######'########.######....######
#...........#..().# ####.......
#...........#..(..# #.......
#...........#÷....# #.......
#.......<.........# #.......
#...........#.....#######.......
#...............................


You could see an adder.

Vanquished Creatures
  Jessica (D:2)
  Robin (D:2)
  2 adders (D:2)
  An ooze (D:1)
  4 worms (D:2)
  2 leopard geckos
  2 giant cockroaches (D:1)
  8 hobgoblins
  4 jackals (D:2)
  6 bats
  3 frilled lizards
  12 goblins
  5 kobolds
  6 rats
57 creatures vanquished.

Vanquished Creatures (others)
  5 toadstools (D:1)
5 creatures vanquished.

Grand Total: 62 creatures vanquished

Notes
Turn   | Place    | Note
-------+----------+-------------------------------------------
     0 | D:1      | RedPan the Demonspawn Gladiator began the quest for the Orb.
     0 | D:1      | Reached XP level 1. HP: 16/16 MP: 1/1
    27 | D:1      | Reached skill level 3 in Long Blades
   167 | D:1      | Gained mutation: You are partially covered in rugged brown scales. (AC +1, +3% HP) [demonic ancestry]
   167 | D:1      | Reached XP level 2. HP: 16/22 MP: 2/2
  1217 | D:2      | Gained mutation: Your flesh is heat resistant. (rF+) [demonic ancestry]
  1217 | D:2      | Reached XP level 3. HP: 21/27 MP: 3/3
  1680 | D:2      | Found a bloodstained altar of Trog.
  1685 | D:2      | Noticed Jessica
  1696 | D:2      | Killed Jessica
  1696 | D:2      | Reached skill level 4 in Long Blades
  1928 | D:2      | Noticed Robin
  1953 | D:2      | Reached XP level 4. HP: 27/33 MP: 4/4
  1981 | D:2      | Killed Robin
  2296 | D:2      | Found a faded altar of an unknown god.
  2296 | D:2      | Found a snail-covered altar of Cheibriados.
  2301 | D:2      | Found a faded altar of an unknown god.
  2303 | D:2      | Found a faded altar of an unknown god.
  2304 | D:2      | Found a faded altar of an unknown god.
  2441 | D:2      | Reached skill level 5 in Long Blades
  2940 | D:3      | Noticed deszczowiec's ghost (amateur NaVM)
  2980 | D:2      | Slain by an adder

Skill      XL: |  1  2  3  4 |
---------------+-------------+-----
Long Blades    | 3 4 5 |  5.1
Fighting       | |  2.0
Throwing       | |  1.7
Dodging        | |  2.6

Action                   |  1- 3 |  4- 6 || total
-------------------------+-------+-------++-------
Melee: Long sword        |    96 |    97 ||   193
  Use: Scroll            |       |     5 ||     5
       Potion            |       |     1 ||     1
 Stab: Sleeping          |     2 |       ||     2
       Distracted        |     1 |       ||     1
  Eat: Chunk             |     3 |     3 ||     6
Armor: Leather armour    |    31 |       ||    31
       Robe              |     8 |    24 ||    32
Dodge: Dodged            |    65 |    63 ||   128
       Rpst.: Long sword |    19 |    19 ||    38
